 BcadrenCrawl: Boulder Brew version 0.03.2.1-26-g6dd6cd2 (webtiles) character file.

Game seed: 4778880848527021162, levelgen mode: deterministic

6251 Kalegnar the Grappler (level 10, -22/101 HPs) Cyan Draconian Monk. Began on Jan 6, 2021. Annihilated by a small abomination (29 damage) ... on level 5 of the Dungeon. The game lasted 00:27:47 (5190 turns).

Kalegnar the Grappler (Cyan Draconian Monk)         Turns: 5190, Time: 00:27:48

Health: -22/101    AC:  8    Str: 18    XL:     10 ^: 2041
Magic:  10/10      EV:  6    Int: 10    God:
Gold:   282        SH:  6    Dex: 13    Spells: 9/9 levels left

rFire    . . .     Vision   .   e - +5 buckler {reflect}
rCold    . . .     Gourm    .     - Unarmed
rNeg     + + .     Faith    .   (armour unavailable)
rPois    .         Spirit   .   (helmet restricted)
rElec    .         Reflect  +   v - scarf {repulsion}
rCorr    .         Harm     .   (no gloves)
MR       .....                  (no boots)
Stlth    ++........             (no amulet)
HPRegen  0.43/turn              l - ring of positive energy (curse) {(Curse: MR-)}
MPRegen  0.20/turn              r - ring of positive energy

@: repel missiles
A: no body armour, unfitting armour, cold-blooded, boosted unarmed combat
aptitude, translocations enhancer 1, rCloud, rAir, AC +8
a: Breathe Blast of Wind


You were on level 5 of the Dungeon.
You were not hungry.

You visited 2 branches of the dungeon, and saw 6 of its levels.

You collected 282 gold pieces.

Inventory:

Shields
 e - a +5 buckler of reflection (shield)
 m - a +2 buckler of fire resistance
 s - a +3 buckler of poison resistance
Armour
 q - a +0 cloak
 v - a scarf of repulsion (worn)
Jewellery
 l - a cursed ring of positive energy (left hand) {(Curse: MR-)}
 p - an uncursed ring of dexterity
 r - a ring of positive energy (right hand)
 u - a cursed ring of wizardry {(Curse: *Drain -Vis)}
 x - an uncursed ring of fire
Wands
 n - a wand of polymorph (14)
 t - a wand of scattershot (7)
Scrolls
 c - 2 scrolls of silence
 f - a scroll of blinking
 h - 3 scrolls of teleportation
 j - 2 scrolls of enchantment
 k - 2 scrolls of amnesia
 o - a scroll of magic mapping
 w - 2 scrolls of vulnerability
Potions
 b - 3 potions of cancellation
 d - 2 potions of mutation
 g - 4 potions of curing
 i - 4 potions of might
 z - a potion of lignification
 A - 2 potions of brilliance
 B - a potion of heal wounds
Comestibles
 a - 23 rations


   Skills:
 + Level 13.5 Fighting
 - Level 2.4 Dodging
 - Level 1.4 Stealth
 - Level 0.8 Shields
 + Level 13.5 Unarmed Combat


You had 9 spell levels left.
You didn't know any spells.
Your spell library contained the following spells:

 Spells                   Type           Power        Failure   Level  Hunger
 Shock                    Air            0 (25)       36%         1    ##.....
 Ensorcelled Hibernation  Hex/Ice        0 (50)       50%         2    ###....
 Swiftness                Chrm/Air       0 (100)      50%         2    ###....
 Static Discharge         Air            0 (100)      75%         3    ####...
 Airstrike                Air            0 (200)      98%         4    #####..
 Lightning Bolt           Air            0 (200)      100%        5    ######.
 Silence                  Hex/Air        0 (200)      100%        5    ######.
 Borgnjor's Vile Clutch   Necr/Erth      0 (200)      100%        6    #######
 Darkness                 Hex            0 (200)      100%        6    #######
 Shadow Creatures         Summ           N/A          100%        6    #######
 Infestation              Tmut/Pois      0 (200)      100%        7    #######


Dungeon Overview and Level Annotations

Branches:
Dungeon (5/8)              Temple (1/1) D:4            Lair (0/6) D:5

Altars:
Ashenzari
Cheibriados
Dithmenos
Elyvilon
Fedhas Madash
Gozag Ym Sagoz
Hepliaklqana
Kikubaaqudgha
Makhleb
Nemelex Xobeh
Qazlal
Sif Muna
Trog
Uskayaw
Vehumet
Wu Jian
Xom

Shops:
D:2 [   D:4 (

Portals:
Abyss: D:5

Annotations:
D:5 1 transporter, Kalegnar's ghost, novice FaAE


Innate Abilities, Weirdness & Mutations

You cannot fit into any form of body armour.
Your empereal azure scales are hard. (AC +8)
You can breathe strong gales of wind.
You are cold-blooded and may be slowed by cold attacks.
You are naturally skilled at Unarmed Combat (Aptitude +3).
You are in touch with the powers of translocation.
Your empereal azure scales grant you immunity to the effects of clouds and air. (rCloud, rAir)


Message History

The small abomination bites you but does no damage. x3
You block the small abomination's attack.
You closely miss Kalegnar's ghost. Kalegnar's ghost hits you (2).
* * * LOW HITPOINT WARNING * * *
You completely miss Kalegnar's ghost.
The small abomination slashes you but does no damage.
You completely miss Kalegnar's ghost.
Kalegnar's ghost casts a spell.
You are struck by an arc of electricity (11)!
* * * LOW HITPOINT WARNING * * *
The small abomination is struck by an arc of lightning (5).
The quasit is struck by an arc of lightning (4).
The small abomination is struck by an arc of lightning (5).
The lightning grounds out.
You punch Kalegnar's ghost (16)!
Kalegnar's ghost is lightly damaged. (5/6) HP You punch Kalegnar's ghost (14)!
Kalegnar's ghost is moderately damaged. (4/6) HP The small abomination slashes you (29)!!
You die...

#### ...# ...# '].# #..#
############### #..#
##.....##......#### #..#
#..###....####....## #..#
#.##.##..##.#####..#
#..#########.#.#@##.#.....!#..###
#.)..........##.Wx###..##.##.....
#.............#.#x5...#####..#...
#.........###.###)#..##.....##...
+.........##....#.#.##......##...
..........##...©#©..##..###..#...
.........=.....##...#..##$##.....
..........##..##.^#.##.#.?.##....
..........##..#.##.#.###...##....


You could see 2 small abominations, a quasit and Kalegnar's ghost.

Vanquished Creatures
  Harold (D:5)
  Nergalle (D:5)
  Maurice (D:5)
  A wyvern (D:5)
  A human (D:4)
  3 yaks (D:5)
  4 hogs (D:4)
  Eustachio (D:3)
  2 phantoms
  A water moccasin (D:2)
  An orc warrior (D:5)
  A scorpion (D:5)
  2 porcupines
  A sky beast (D:5)
  6 ogres
  2 crocodiles
  3 big kobolds
  3 bullfrogs
  A meliai zombie (D:4)
  A gnoll sergeant (D:5)
  A howler monkey (D:3)
  3 centaurs (D:5)
  A quasit (D:5)
  2 orc priests (D:5)
  4 hounds
  2 jellies (D:2)
  3 orc wizards
  4 iguanas
  8 worker ants
  3 giant cockroaches
  5 adders
  4 gnolls (D:5)
  6 sewer rats (D:2)
  12 cinder newts
  A worm (D:3)
  A hound zombie (D:5)
  A worker ant zombie (D:5)
  A hound skeleton (D:5)
  2 oozes (D:2)
  6 leopard geckos
  26 orcs
  An adder skeleton (D:2)
  A cinder newt skeleton (D:2)
  7 goblins (D:1)
  4 hobgoblins (D:1)
  10 jackals
  5 ball pythons
  4 bats
  A bat skeleton (D:2)
  13 kobolds
  A quokka skeleton (D:3)
  3 rats (D:1)
  3 withered plants (D:2)
186 creatures vanquished.

Vanquished Creatures (others)
  A ball python (D:2)
  137 withered plants (D:2)
138 creatures vanquished.

Grand Total: 324 creatures vanquished

Notes
Turn   | Place    | Note
-------+----------+-------------------------------------------
     0 | D:1      | Kalegnar the Immature Draconian Monk began the quest for
                  | the Orb.
     0 | D:1      | Reached XP level 1. HP: 19/19 MP: 1/1
   141 | D:1      | Reached XP level 2. HP: 27/27 MP: 2/2
   406 | D:1      | Reached XP level 3. HP: 33/33 MP: 3/3
   668 | D:2      | Noticed a big kobold
   722 | D:2      | Killed a big kobold
   722 | D:2      | Reached skill level 5 in Fighting
   722 | D:2      | Reached XP level 4. HP: 3/42 MP: 4/4
   823 | D:2      | Reached XP level 5. HP: 30/48 MP: 5/5
   972 | D:2      | Found a shimmering blue altar of Sif Muna.
   994 | D:2      | Found Yxtaapsa's Armour Emporium.
  1063 | D:2      | Reached XP level 6. HP: 35/57 MP: 6/6
  1601 | D:2      | Found a shadowy altar of Dithmenos.
  1607 | D:2      | Found an ancient bone altar of Kikubaaqudgha.
  1610 | D:2      | Found a hazy altar of Hepliaklqana.
  1610 | D:2      | Noticed a water moccasin
  1614 | D:2      | Found a hide-covered altar of Uskayaw.
  1633 | D:2      | Killed a water moccasin
  1633 | D:2      | Reached skill level 5 in Unarmed Combat
  2217 | D:3      | Your scales start taking on an empereal azure colour.
  2217 | D:3      | Reached XP level 7. HP: 63/66 MP: 7/7
  2217 | D:3      | Gained mutation: Your empereal azure scales grant you
                  | immunity to the effects of clouds and air. (rCloud, rAir)
                  | [Cyan Draconian growth]
  2217 | D:3      | Gained mutation: You are in touch with the powers of
                  | translocation. [Cyan Draconian growth]
  2406 | D:3      | Noticed Eustachio
  2454 | D:3      | HP: 2/67 [Eustachio/+0 falchion (2)]
  2458 | D:3      | Killed Eustachio
  2803 | D:3      | Found a white marble altar of Elyvilon.
  3003 | D:3      | Reached XP level 8. HP: 59/75 MP: 8/8
  3142 | D:4      | Found Senaiwk's Antique Weapon Emporium.
  3322 | D:4      | Found a staircase to the Ecumenical Temple.
  3331 | Temple   | Entered the Ecumenical Temple
  3563 | D:4      | Reached skill level 10 in Fighting
  3579 | D:4      | Reached XP level 9. HP: 56/86 MP: 9/9
  4008 | D:5      | Entered Level 5 of the Dungeon
  4282 | D:5      | Found a staircase to the Lair.
  4299 | D:5      | Found a transporter.
  4303 | D:5      | Found a transporter.
  4361 | D:5      | Noticed Nergalle
  4386 | D:5      | Killed Nergalle
  4386 | D:5      | Gained mutation: You are naturally skilled at Unarmed
                  | Combat (Aptitude +3). [draconic bloodline]
  4386 | D:5      | Reached XP level 10. HP: 73/99 MP: 10/10
  4747 | D:5      | Noticed Harold
  4761 | D:5      | Noticed Maurice
  4774 | D:5      | Killed Harold
  4809 | D:5      | Killed Maurice
  5160 | D:5      | Found a one-way gate to the infinite horrors of the Abyss.
  5160 | D:5      | Noticed Kalegnar's ghost (novice FaAE)
  5190 | D:5      | Annihilated by a small abomination

Levels and vault maps discovered:
D:1:      tarquinn_simple_flora_water_a, layout_basic, minmay_checkerbox
D:2:      layout_sewer, old_standard_altar, grunt_temple_overflow_cloverleaf,
          first_ration, serial_shops, shop
D:3:      layout_twisted_cavern, kennysheep_mini_moat, uniq_eustachio
D:4:      layout_stronghold, minmay_temple_entry_purple_smoke, serial_shops,
          nicolae_shop_waterfront, grunt_livestock
D:5:      layout_long_grid, lair_entry_dummy, gammafunk_ghost_abyssal_escape,
          minivault_11, uniq_harold, uniq_nergalle, uniq_maurice
Temple:   jpeg_temple_clearing

Skill      XL: |  1  2  3  4  5  6  7  8  9 10 |
---------------+-------------------------------+-----
Fighting       | 4 5 6 7 8 10 12 13 | 13.5
Unarmed Combat | 3 4 5 6 8 12 13 | 13.5
Dodging        | |  2.4
Stealth        | |  1.4
Shields        | |  0.8

Action                   |  1- 3 |  4- 6 |  7- 9 | 10-12 || total
-------------------------+-------+-------+-------+-------++-------
Melee: Unarmed           |    99 |   108 |   245 |   100 ||   552
       Tailslap          |     9 |    16 |    51 |    13 ||    89
 Abil: Breathe Blast of  |       |       |     5 |     1 ||     6
  Use: Potion            |       |     1 |       |       ||     1
 Stab: Sleeping          |     2 |     1 |     2 |       ||     5
  Eat: Chunk             |       |     5 |     7 |     3 ||    15
Armor: Skin              |    17 |    17 |    69 |    79 ||   182
Dodge: Dodged            |     6 |     7 |    30 |    11 ||    54
       Deflected         |       |       |     3 |     5 ||     8
Block: Buckler           |    13 |    12 |    43 |    34 ||   102
       Reflection        |     2 |       |     2 |    10 ||    14
